Capitals vs Maple Leafs

Created - June 23, 2025 at 21:12

Goals
1 2 3 T
Capitals 0 1 2 3
Maple Leafs 0 1 1 2
Shots
1 2 3 T
Capitals 9 12 6 27
Maple Leafs 9 5 9 23

1st period

No Goal

Penalties :
Bobby Ryan (Was) for Cross-checking (Minor) at 6:00, Zach Werenski (TOR) for Hooking (Minor) at 11:48, Shea Theodore (Was) for Slashing (Minor) at 15:54, Luke Schenn (TOR) for Cross-checking (Minor) at 19:33

2nd period

1. Capitals , Cody Hodgson 4 (Nicolas Aube-Kubel 6) at 1:53
2. Maple Leafs , Pontus Aberg 2 (Brandon Saad 4, Patrice Cormier 4) at 18:25

Penalties :
Andre Burakovsky (TOR) for Tripping (Minor) at 2:06, John Klingberg (TOR) for Interference (Minor) at 13:41

3rd period

3. Capitals , Nicolas Aube-Kubel 7 (Blake Pietila 8, Mike Green 4) at 16:21
4. Capitals , Patrick Kane 15 (Cody Hodgson 13) at 19:14 (Empty Net)
5. Maple Leafs , Pontus Aberg 3 (Zach Werenski 19, John Klingberg 13) at 19:28

Penalties :
Evander Kane (TOR) for Boarding (Minor) at 1:46, Zach Werenski (TOR) for Holding (Minor) at 11:19, Elias Pettersson (TOR) for Slashing (Minor) at 16:40

Goalie Stats

Cory Schneider (Was), 21 saves from 23 shots - (0.913), W, 11-1-1, 60:00 minutes
Kristers Gudlevskis (TOR), 24 saves from 26 shots - (0.923), L, 12-5-1, 59:29 minutes

Players Stats for Capitals

Player Name              G  A  P  +/- PIM S  H  SB GA TA FO     MP     PP MP  PK MP  
------------------------------------------------------------------------------------
Alexei Marchenko         0  0  0   1  0   0  0  1  0  0  0/0    28:04   8:58   1:08 
Blake Pietila            0  1  1   3  0   1  1  0  1  0  0/0    12:00   0:10   1:23 
Bobby Ryan               0  0  0  -1  2   1  0  0  0  0  2/4    15:51   6:00   0:00 
Brandon Burlon           0  0  0   1  0   0  3  0  0  1  0/0    13:59   0:00   2:12 
Brandon Gormley          0  0  0   1  0   1  1  1  0  0  0/0    14:53   0:00   0:58 
Cody Hodgson             1  1  2   3  0   4  1  0  1  0  5/9    15:58   6:00   1:33 
Colten Teubert           0  0  0  -1  0   0  0  0  0  2  0/0    16:43   4:55   1:26 
Jeff Skinner             0  0  0   0  0   1  1  0  0  0  0/0     8:31   0:00   0:19 
Joe Colborne             0  0  0  -1  0   3  2  0  0  0  6/10   13:00   0:17   0:49 
Marko Dano               0  0  0  -1  0   0  1  0  0  0  0/0    17:01   6:00   1:09 
Mike Green               0  1  1   0  0   4  0  0  2  0  0/0    27:21   8:58   1:03 
Nicklas Backstrom        0  0  0  -1  0   1  1  1  0  0  13/24  21:20   7:36   0:29 
Nicolas Aube-Kubel       1  1  2   2  0   2  1  0  0  0  0/0     9:22   0:00   0:00 
Patrick Kane             1  0  1   0  0   3  2  1  1  0  1/1    23:43   7:53   1:07 
Phil Kessel              0  0  0   0  0   3  0  0  0  0  0/0     8:12   0:00   0:00 
Sergey Kalinin           0  0  0   0  0   1  2  0  1  0  3/4     8:12   0:00   0:00 
Shea Theodore            0  0  0   0  2   1  0  2  0  1  0/0    19:22   4:55   1:09 
Taylor Hall              0  0  0  -1  0   1  1  0  1  0  0/1    22:28   7:43   1:07 

Players Stats for Maple Leafs

Player Name              G  A  P  +/- PIM S  H  SB GA TA FO     MP     PP MP  PK MP  
------------------------------------------------------------------------------------
Aleksi Saarela           0  0  0  -1  0   0  1  0  0  0  1/3     9:43   0:18   2:02 
Andre Burakovsky         0  0  0   0  2   1  2  1  0  0  0/2    14:38   2:10   0:00 
Brandon Saad             0  1  1   2  0   3  1  0  0  0  1/1    15:34   1:00   3:50 
Brendan Guhle            0  0  0  -1  0   0  0  0  0  1  0/0    15:28   0:00   1:51 
Elias Lindholm           0  0  0  -2  0   1  1  1  0  0  1/6    15:49   0:56   3:42 
Elias Pettersson         0  0  0  -1  2   2  1  1  0  0  15/30  21:35   2:11   6:18 
Evander Kane             0  0  0   0  2   4  2  0  1  1  1/2    22:08   2:18   6:45 
Haydn Fleury             0  0  0  -2  0   0  0  0  0  1  0/0    16:24   0:00   2:33 
Jason Zucker             0  0  0  -2  0   4  3  0  1  0  0/0    16:56   0:56   4:49 
John Klingberg           0  1  1   1  2   1  0  0  0  0  0/0    25:26   2:26   7:25 
Jon Merrill              0  0  0  -1  0   0  0  1  0  0  0/0    18:57   1:32   4:07 
Luke Schenn              0  0  0   0  2   1  2  2  0  1  0/0    19:56   1:32   6:11 
Nicholas Baptiste        0  0  0  -1  0   0  1  0  0  1  0/0     8:12   0:52   0:00 
Patrice Cormier          0  1  1   2  0   0  2  0  0  0  4/9    10:40   0:00   0:00 
Pontus Aberg             2  0  2   2  0   3  1  0  0  0  0/0    10:59   0:00   0:00 
Valentin Zykov           0  0  0  -1  0   1  2  0  0  0  0/0     8:16   0:17   0:20 
William Nylander         0  0  0  -1  0   0  0  0  0  0  0/0    11:29   0:56   0:00 
Zach Werenski            0  1  1   1  4   2  0  0  2  2  0/0    23:50   2:26   5:39 

3 Stars

1 - Pontus Aberg (TOR)
2 - Cody Hodgson (Was)
3 - Nicolas Aube-Kubel (Was)

Power Play

Capitals - 0 on 7 Attempt(s) - 0.00%
Maple Leafs - 0 on 2 Attempt(s) - 0.00%

Penalty Kill

Capitals - 2 on 2 Attempt(s) - 100.00% - Score 0 goal in Penalty Kill
Maple Leafs - 7 on 7 Attempt(s) - 100.00% - Score 0 goal in Penalty Kill

Team Stat

Capitals - Hits : 17 - Faceoff Wins : 30 - Blocked Shots : 6 - Penalty Minutes : 4
Maple Leafs - Hits : 19 - Faceoff Wins : 23 - Blocked Shots : 6 - Penalty Minutes : 14

Official

Referees : Brad Meier and Francis Charron
Linesman : Greg Devorski and Julien Fournier

Game Notes

Patrick Kane has scored in a empty net!

Finance

Level 1 -- Attendance: 6000 (100.00%) -- Ticket Income $600,000
Level 2 -- Attendance: 5000 (100.00%) -- Ticket Income $350,000
Level 3 -- Attendance: 2000 (100.00%) -- Ticket Income $80,000
Level 4 -- Attendance: 4000 (100.00%) -- Ticket Income $120,000
Luxury Box -- Attendance: 1000 (100.00%) -- Ticket Income $200,000
Game was played at the Scotiabank Arena.
Total Attendance: 18000 (100.00%)
Total Ticket Income: $1,350,000
Other Income: $202,500
Total Income: $1,552,500

Capitals

5 vs 5 Forward 
   Center                   Left Wing                Right Wing               Time % Phy DF OF 
 1 Nicklas Backstrom        Taylor Hall              Patrick Kane             40     0   1  4  
 2 Joe Colborne             Marko Dano               Bobby Ryan               30     0   1  4  
 3 Cody Hodgson             Blake Pietila            Nicolas Aube-Kubel       20     0   1  4  
 4 Sergey Kalinin           Jeff Skinner             Phil Kessel              10     0   2  3  

5 vs 5 Defense 
   Defense                  Defense                                           Time % Phy DF OF 
 1 Mike Green               Alexei Marchenko                                  40     0   3  2  
 2 Brandon Gormley          Shea Theodore                                     30     0   3  2  
 3 Colten Teubert           Brandon Burlon                                    20     0   3  2  
 4 Shea Theodore            Alexei Marchenko                                  10     0   3  2  

PowerPlay Forward 
   Center                   Left Wing                Right Wing               Time % Phy DF OF 
 1 Nicklas Backstrom        Taylor Hall              Patrick Kane             60     0   0  5  
 2 Cody Hodgson             Marko Dano               Bobby Ryan               40     0   0  5  

PowerPlay Defense
   Defense                  Defense                                           Time % Phy DF OF 
 1 Mike Green               Alexei Marchenko                                  60     0   2  3  
 2 Colten Teubert           Shea Theodore                                     40     0   2  3  

Penalty Kill 4 Players Forward 
   Center                   Wing                     Time % Phy DF OF 
 1 Patrick Kane             Taylor Hall              60     0   4  1  
 2 Nicklas Backstrom        Marko Dano               40     0   4  1  

Penalty Kill 4 Players Defense
   Defense                  Defense                  Time % Phy DF OF 
 1 Shea Theodore            Alexei Marchenko         60     0   4  1  
 2 Mike Green               Colten Teubert           40     0   4  1  

Penalty Kill - 3 Players Forward 
   Forward                                           Time % Phy DF OF 
 1 Patrick Kane                                      60     0   5  0  
 2 Taylor Hall                                       40     0   5  0  

Penalty Kill - 3 Players Defense
   Defense                  Defense                  Time % Phy DF OF 
 1 Mike Green               Alexei Marchenko         60     0   5  0  
 2 Colten Teubert           Shea Theodore            40     0   5  0  

4 vs 4 Forward 
   Center                   Wing                     Time % Phy DF OF 
 1 Patrick Kane             Taylor Hall              60     0   1  4  
 2 Nicklas Backstrom        Marko Dano               40     0   1  4  

4 vs 4 Defense
   Defense                  Defense                  Time % Phy DF OF 
 1 Shea Theodore            Alexei Marchenko         60     0   3  2  
 2 Mike Green               Colten Teubert           40     0   3  2  

Last Minutes Offensive
   Center                   Left Wing                Right Wing               Defense                  Defense                  
   Nicklas Backstrom        Taylor Hall              Patrick Kane             Mike Green               Alexei Marchenko         

Last Minutes Defensive
   Center                   Left Wing                Right Wing               Defense                  Defense                  
   Nicklas Backstrom        Taylor Hall              Patrick Kane             Mike Green               Alexei Marchenko         

Goaltenders
Starting : Cory Schneider           
Backup : Chet Pickard             

Extra Forwards
Normal : Taylor Hall, Patrick Kane, Marko Dano - PP : Taylor Hall, Patrick Kane - PK : Patrick Kane
Extra Defensemen
Normal : Mike Green, Shea Theodore, Alexei Marchenko - PP : Shea Theodore - PK : Alexei Marchenko, Mike Green
Penalty Shots
Patrick Kane, Taylor Hall, Nicklas Backstrom, Marko Dano, Jeff Skinner
Custom OT Lines Forwards
Patrick Kane, Taylor Hall, Nicklas Backstrom, Marko Dano, Jeff Skinner, Cody Hodgson, Blake Pietila, Joe Colborne, Bobby Ryan, Nicolas Aube-Kubel
Custom OT Lines Defensemen
Shea Theodore, Alexei Marchenko, Mike Green, Colten Teubert, Brandon Burlon

Scratches
None

Maple Leafs

5 vs 5 Forward 
   Center                   Left Wing                Right Wing               Time % Phy DF OF 
 1 Elias Pettersson         Evander Kane             Andre Burakovsky         40     1   2  2  
 2 Elias Lindholm           Jason Zucker             William Nylander         30     1   2  2  
 3 Patrice Cormier          Brandon Saad             Pontus Aberg             20     1   2  2  
 4 Aleksi Saarela           Valentin Zykov           Nicholas Baptiste        10     1   2  2  

5 vs 5 Defense 
   Defense                  Defense                                           Time % Phy DF OF 
 1 Zach Werenski            John Klingberg                                    40     1   2  2  
 2 Jon Merrill              Luke Schenn                                       30     1   2  2  
 3 Haydn Fleury             Brendan Guhle                                     20     1   2  2  
 4 Zach Werenski            John Klingberg                                    10     1   2  2  

PowerPlay Forward 
   Center                   Left Wing                Right Wing               Time % Phy DF OF 
 1 Elias Pettersson         Evander Kane             Andre Burakovsky         60     1   2  2  
 2 Elias Lindholm           Jason Zucker             William Nylander         40     1   2  2  

PowerPlay Defense
   Defense                  Defense                                           Time % Phy DF OF 
 1 Zach Werenski            John Klingberg                                    60     1   2  2  
 2 Jon Merrill              Luke Schenn                                       40     1   2  2  

Penalty Kill 4 Players Forward 
   Center                   Wing                     Time % Phy DF OF 
 1 Elias Pettersson         Evander Kane             60     1   2  2  
 2 Elias Lindholm           Jason Zucker             40     1   2  2  

Penalty Kill 4 Players Defense
   Defense                  Defense                  Time % Phy DF OF 
 1 Zach Werenski            John Klingberg           60     1   2  2  
 2 Jon Merrill              Luke Schenn              40     1   2  2  

Penalty Kill - 3 Players Forward 
   Forward                                           Time % Phy DF OF 
 1 Elias Pettersson                                  60     1   2  2  
 2 Elias Lindholm                                    40     1   2  2  

Penalty Kill - 3 Players Defense
   Defense                  Defense                  Time % Phy DF OF 
 1 Zach Werenski            John Klingberg           60     1   2  2  
 2 Jon Merrill              Luke Schenn              40     1   2  2  

4 vs 4 Forward 
   Center                   Wing                     Time % Phy DF OF 
 1 Elias Pettersson         Evander Kane             60     1   2  2  
 2 Elias Lindholm           Jason Zucker             40     1   2  2  

4 vs 4 Defense
   Defense                  Defense                  Time % Phy DF OF 
 1 Zach Werenski            John Klingberg           60     1   2  2  
 2 Jon Merrill              Luke Schenn              40     1   2  2  

Last Minutes Offensive
   Center                   Left Wing                Right Wing               Defense                  Defense                  
   Elias Pettersson         Evander Kane             Andre Burakovsky         Zach Werenski            John Klingberg           

Last Minutes Defensive
   Center                   Left Wing                Right Wing               Defense                  Defense                  
   Elias Pettersson         Evander Kane             Andre Burakovsky         Zach Werenski            John Klingberg           

Goaltenders
Starting : Kristers Gudlevskis      
Backup : Carter Hutton            

Extra Forwards
Normal : Brandon Saad, Elias Pettersson, Pontus Aberg - PP : Brandon Saad, Elias Pettersson - PK : Brandon Saad
Extra Defensemen
Normal : Luke Schenn, Haydn Fleury, Brendan Guhle - PP : Luke Schenn - PK : Luke Schenn, Haydn Fleury
Penalty Shots
Evander Kane, Andre Burakovsky, Jason Zucker, William Nylander, Brandon Saad
Custom OT Lines Forwards
Evander Kane, Andre Burakovsky, Jason Zucker, William Nylander, Brandon Saad, Elias Pettersson, Pontus Aberg, Valentin Zykov, Elias Lindholm, Nicholas Baptiste
Custom OT Lines Defensemen
Zach Werenski, John Klingberg, Jon Merrill, Luke Schenn, Haydn Fleury

Scratches
Bo Horvat (Lower Body Injury)

% Time on Ice - Capitals

Lines # - Real PCT - Wanted PCT - Time Play
Normal Forward
1 - 34% - 40% - 13:58
2 - 25% - 30% - 10:24
3 - 21% - 20% - 8:50
4 - 20% - 10% - 8:12
Normal Defense
1 - 41% - 40% - 16:55
2 - 32% - 30% - 13:13
3 - 25% - 20% - 10:12
4 - 3% - 10% - 1:04
PP Forward
1 - 57% - 60% - 7:53
2 - 43% - 40% - 6:00
PP Defense
1 - 65% - 60% - 8:58
2 - 35% - 40% - 4:55
PK Forward
1 - 71% - 60% - 2:49
2 - 29% - 40% - 1:09
PK Defense
1 - 64% - 60% - 2:32
2 - 36% - 40% - 1:26
PK3 Forward
1 - 0% - 60%
2 - 0% - 40%
PK3 Defense
1 - 0% - 60%
2 - 0% - 40%
44 Forward
1 - 0% - 60%
2 - 0% - 40%
44 Defense
1 - 0% - 60%
2 - 0% - 40%
Last Minute Offensive  - 0:00
Last Minute Defensive  - 0:45
Total
Forward - 60:00
Defense - 60:00

% Time on Ice - Maple Leafs

Lines # - Real PCT - Wanted PCT - Time Play
Normal Forward
1 - 32% - 40% - 13:10
2 - 25% - 30% - 10:36
3 - 26% - 20% - 10:40
4 - 17% - 10% - 7:12
Normal Defense
1 - 38% - 40% - 15:44
2 - 31% - 30% - 13:01
3 - 31% - 20% - 12:53
4 - 0% - 10% - 0:00
PP Forward
1 - 76% - 60% - 3:02
2 - 24% - 40% - 0:56
PP Defense
1 - 61% - 60% - 2:26
2 - 39% - 40% - 1:32
PK Forward
1 - 76% - 60% - 10:36
2 - 24% - 40% - 3:17
PK Defense
1 - 70% - 60% - 9:46
2 - 30% - 40% - 4:07
PK3 Forward
1 - 0% - 60%
2 - 0% - 40%
PK3 Defense
1 - 0% - 60%
2 - 0% - 40%
44 Forward
1 - 0% - 60%
2 - 0% - 40%
44 Defense
1 - 0% - 60%
2 - 0% - 40%
Last Minute Offensive  - 0:31
Last Minute Defensive  - 0:00
Total
Forward - 60:00
Defense - 60:00

Play-by-Play

1st period


0:01 of 1st period - Elias Pettersson wins face-off versus Taylor Hall in neutral zone.
0:27 of 1st period - Snap shot by Cody Hodgson.
0:27 of 1st period - Stopped by Kristers Gudlevskis with a rebound.
0:29 of 1st period - Snap shot by Brandon Gormley.
0:29 of 1st period - Shot Blocked by Andre Burakovsky.
0:31 of 1st period - Slapshot by Shea Theodore.
0:31 of 1st period - Stopped by Kristers Gudlevskis with a rebound.
0:57 of 1st period - Snap shot by Marko Dano.
0:57 of 1st period - Shot Misses the Net.
1:05 of 1st period - Wrist shot by William Nylander.
1:05 of 1st period - Shot Misses the Net.
1:29 of 1st period - Shea Theodore is hit by Luke Schenn and loses puck.
1:50 of 1st period - Slapshot by Valentin Zykov.
1:50 of 1st period - Deflect By Aleksi Saarela.
1:50 of 1st period - Shot Misses the Net.
1:50 of 1st period - Puck is out of play.
1:51 of 1st period - Joe Colborne wins face-off versus Elias Lindholm in Capitals zone.
3:07 of 1st period - Snap shot by Jason Zucker.
3:07 of 1st period - Stopped by Cory Schneider with a rebound.
3:09 of 1st period - Wrist shot by William Nylander.
3:09 of 1st period - Shot Misses the Net.
3:11 of 1st period - Wrist shot by Haydn Fleury.
3:11 of 1st period - Shot Misses the Net.
4:51 of 1st period - Wrist shot by William Nylander.
4:51 of 1st period - Shot Misses the Net.
4:53 of 1st period - Snap shot by William Nylander.
4:53 of 1st period - Shot Misses the Net.
5:33 of 1st period - Snap shot by Jason Zucker.
5:33 of 1st period - Stopped by Cory Schneider without a rebound.
5:34 of 1st period - Elias Pettersson wins face-off versus Bobby Ryan in Capitals zone.
5:37 of 1st period - Snap shot by Elias Pettersson.
5:37 of 1st period - Stopped by Cory Schneider with a rebound.
5:40 of 1st period - Icing by Marko Dano.
5:41 of 1st period - Elias Pettersson wins face-off versus Joe Colborne in Capitals zone.
5:58 of 1st period - Snap shot by Zach Werenski.
5:58 of 1st period - Shot Misses the Net.
6:00 of 1st period - Minor Penalty to Bobby Ryan for Cross-checking.
6:01 of 1st period - Cody Hodgson wins face-off versus Elias Pettersson in Capitals zone.
7:06 of 1st period - Wrist shot by Valentin Zykov.
7:06 of 1st period - Stopped by Cory Schneider without a rebound.
7:07 of 1st period - Joe Colborne wins face-off versus Elias Pettersson in Capitals zone.
7:58 of 1st period - Brandon Saad is hit by Joe Colborne.
8:00 of 1st period - Penalty to Bobby Ryan is over, Bobby Ryan is back on ice.
8:36 of 1st period - Evander Kane is hit by Joe Colborne and loses puck.
9:41 of 1st period - Icing by Phil Kessel.
9:42 of 1st period - Sergey Kalinin wins face-off versus Aleksi Saarela in Capitals zone.
10:09 of 1st period - Icing by Nicolas Aube-Kubel.
10:10 of 1st period - Cody Hodgson wins face-off versus Elias Pettersson in Capitals zone.
10:52 of 1st period - Snap shot by Cody Hodgson.
10:52 of 1st period - Shot Misses the Net.
10:54 of 1st period - Wrist shot by Blake Pietila.
10:54 of 1st period - Shot Blocked by Elias Pettersson.
10:56 of 1st period - Slapshot by Nicolas Aube-Kubel.
10:56 of 1st period - Shot Misses the Net.
10:58 of 1st period - Snap shot by Cody Hodgson.
10:58 of 1st period - Shot Blocked by Luke Schenn.
11:00 of 1st period - Slapshot by Brandon Gormley.
11:00 of 1st period - Shot Blocked by Luke Schenn.
11:02 of 1st period - Wrist shot by Brandon Gormley.
11:02 of 1st period - Deflect By Blake Pietila.
11:02 of 1st period - Stopped by Kristers Gudlevskis with a rebound.
11:10 of 1st period - Snap shot by Cody Hodgson.
11:10 of 1st period - Stopped by Kristers Gudlevskis without a rebound.
11:11 of 1st period - Joe Colborne wins face-off versus Patrice Cormier in Maple Leafs zone.
11:20 of 1st period - Snap shot by Brandon Saad.
11:20 of 1st period - Stopped by Cory Schneider without a rebound.
11:21 of 1st period - Bobby Ryan wins face-off versus Patrice Cormier in Capitals zone.
11:27 of 1st period - Off-side.
11:28 of 1st period - Patrice Cormier wins face-off versus Bobby Ryan in neutral zone.
11:48 of 1st period - Minor Penalty to Zach Werenski for Hooking.
11:49 of 1st period - Nicklas Backstrom wins face-off versus Elias Pettersson in Maple Leafs zone.
11:53 of 1st period - Snap shot by Taylor Hall.
11:53 of 1st period - Shot Misses the Net.
12:26 of 1st period - Wrist shot by Taylor Hall.
12:26 of 1st period - Stopped by Kristers Gudlevskis with a rebound.
12:58 of 1st period - Snap shot by Jason Zucker.
12:58 of 1st period - Stopped by Cory Schneider without a rebound.
12:59 of 1st period - Elias Pettersson wins face-off versus Cody Hodgson in Capitals zone.
13:48 of 1st period - Penalty to Zach Werenski is over, Zach Werenski is back on ice.
13:51 of 1st period - Icing by Mike Green.
13:52 of 1st period - Aleksi Saarela wins face-off versus Joe Colborne in Capitals zone.
14:05 of 1st period - Blake Pietila is hit by Nicholas Baptiste and loses puck.
14:30 of 1st period - Snap shot by Patrick Kane.
14:30 of 1st period - Stopped by Kristers Gudlevskis with a rebound.
14:32 of 1st period - Snap shot by Joe Colborne.
14:32 of 1st period - Stopped by Kristers Gudlevskis with a rebound.
14:34 of 1st period - Slapshot by Joe Colborne.
14:34 of 1st period - Stopped by Kristers Gudlevskis with a rebound.
14:36 of 1st period - Snap shot by Brandon Burlon.
14:36 of 1st period - Shot Misses the Net.
14:38 of 1st period - Snap shot by Brandon Burlon.
14:38 of 1st period - Deflect By Blake Pietila.
14:38 of 1st period - Shot Misses the Net.
14:38 of 1st period - Puck is out of play.
14:39 of 1st period - Elias Pettersson wins face-off versus Sergey Kalinin in Maple Leafs zone.
14:39 of 1st period - Elias Pettersson is hit by Brandon Burlon.
14:44 of 1st period - Off-side.
14:45 of 1st period - Sergey Kalinin wins face-off versus Elias Pettersson in neutral zone.
14:56 of 1st period - Snap shot by Evander Kane.
14:56 of 1st period - Stopped by Cory Schneider with a rebound.
14:58 of 1st period - Wrist shot by Andre Burakovsky.
14:58 of 1st period - Stopped by Cory Schneider with a rebound.
15:00 of 1st period - Snap shot by Elias Pettersson.
15:00 of 1st period - Stopped by Cory Schneider without a rebound.
15:01 of 1st period - Elias Pettersson wins face-off versus Joe Colborne in Capitals zone.
15:33 of 1st period - Snap shot by Blake Pietila.
15:33 of 1st period - Shot Misses the Net.
15:35 of 1st period - Slapshot by Cody Hodgson.
15:35 of 1st period - Stopped by Kristers Gudlevskis with a rebound.
15:54 of 1st period - Minor Penalty to Shea Theodore for Slashing.
15:55 of 1st period - Patrick Kane wins face-off versus Elias Pettersson in Capitals zone.
16:37 of 1st period - Wrist shot by John Klingberg.
16:37 of 1st period - Shot Blocked by Alexei Marchenko.
17:54 of 1st period - Penalty to Shea Theodore is over, Shea Theodore is back on ice.
17:59 of 1st period - Shea Theodore is hit by Patrice Cormier and loses puck.
19:03 of 1st period - Off-side.
19:04 of 1st period - Bobby Ryan wins face-off versus Aleksi Saarela in neutral zone.
19:33 of 1st period - Minor Penalty to Luke Schenn for Cross-checking.
19:34 of 1st period - Nicklas Backstrom wins face-off versus Elias Pettersson in Maple Leafs zone.
Goals for this period are 0 for Capitals vs 0 for Maple Leafs.
Shots for this period are 9 for Capitals vs 9 for Maple Leafs.

2nd period


0:01 of 2nd period - Nicklas Backstrom wins face-off versus Elias Pettersson in neutral zone.
1:33 of 2nd period - Penalty to Luke Schenn is over, Luke Schenn is back on ice.
1:40 of 2nd period - Aleksi Saarela is hit by Jeff Skinner and loses puck.
1:49 of 2nd period - Wrist shot by Phil Kessel.
1:49 of 2nd period - Stopped by Kristers Gudlevskis without a rebound.
1:50 of 2nd period - Cody Hodgson wins face-off versus Elias Lindholm in Maple Leafs zone.
1:51 of 2nd period - Snap shot by Nicolas Aube-Kubel.
1:51 of 2nd period - Stopped by Kristers Gudlevskis with a rebound.
1:53 of 2nd period - Slapshot by Cody Hodgson.
1:53 of 2nd period - Goal by Cody Hodgson - Capitals : 1 - Maple Leafs : 0.
1:54 of 2nd period - Evander Kane wins face-off versus Nicklas Backstrom in neutral zone.
2:06 of 2nd period - Minor Penalty to Andre Burakovsky for Tripping.
2:07 of 2nd period - Elias Pettersson wins face-off versus Nicklas Backstrom in Maple Leafs zone.
2:20 of 2nd period - Snap shot by Taylor Hall.
2:20 of 2nd period - Shot Misses the Net.
2:34 of 2nd period - John Klingberg is hit by Marko Dano.
3:10 of 2nd period - Colten Teubert is hit by Jason Zucker and loses puck.
4:06 of 2nd period - Penalty to Andre Burakovsky is over, Andre Burakovsky is back on ice.
4:30 of 2nd period - Off-side.
4:31 of 2nd period - Patrice Cormier wins face-off versus Joe Colborne in neutral zone.
4:34 of 2nd period - Shea Theodore is hit by Brandon Saad and loses puck.
4:41 of 2nd period - Slapshot by Brandon Gormley.
4:41 of 2nd period - Stopped by Kristers Gudlevskis without a rebound.
4:42 of 2nd period - Nicklas Backstrom wins face-off versus Elias Pettersson in Maple Leafs zone.
4:51 of 2nd period - Slapshot by Taylor Hall.
4:51 of 2nd period - Deflect By Patrick Kane.
4:51 of 2nd period - Deflect By Elias Pettersson.
4:51 of 2nd period - Shot Misses the Net.
4:51 of 2nd period - Puck is out of play.
4:52 of 2nd period - Nicklas Backstrom wins face-off versus Andre Burakovsky in Maple Leafs zone.
5:15 of 2nd period - Slapshot by Nicklas Backstrom.
5:15 of 2nd period - Stopped by Kristers Gudlevskis without a rebound.
5:16 of 2nd period - Joe Colborne wins face-off versus Elias Lindholm in Maple Leafs zone.
5:17 of 2nd period - Snap shot by Marko Dano.
5:17 of 2nd period - Shot Misses the Net.
5:19 of 2nd period - Wrist shot by Joe Colborne.
5:19 of 2nd period - Shot Blocked by Elias Lindholm.
5:21 of 2nd period - Snap shot by Mike Green.
5:21 of 2nd period - Stopped by Kristers Gudlevskis without a rebound.
5:22 of 2nd period - Joe Colborne wins face-off versus Elias Lindholm in Maple Leafs zone.
5:53 of 2nd period - Wrist shot by Andre Burakovsky.
5:53 of 2nd period - Shot Misses the Net.
6:15 of 2nd period - Snap shot by Phil Kessel.
6:15 of 2nd period - Stopped by Kristers Gudlevskis without a rebound.
6:16 of 2nd period - Sergey Kalinin wins face-off versus Patrice Cormier in Maple Leafs zone.
6:17 of 2nd period - Wrist shot by Jeff Skinner.
6:17 of 2nd period - Stopped by Kristers Gudlevskis without a rebound.
6:18 of 2nd period - Elias Pettersson wins face-off versus Nicklas Backstrom in Maple Leafs zone.
8:44 of 2nd period - Pontus Aberg is hit by Brandon Burlon and loses puck.
9:22 of 2nd period - Slapshot by Brandon Saad.
9:22 of 2nd period - Stopped by Cory Schneider with a rebound.
9:41 of 2nd period - Icing by Brendan Guhle.
9:42 of 2nd period - Nicklas Backstrom wins face-off versus Patrice Cormier in Maple Leafs zone.
9:49 of 2nd period - Slapshot by Patrick Kane.
9:49 of 2nd period - Shot Misses the Net.
10:08 of 2nd period - Off-side.
10:09 of 2nd period - Joe Colborne wins face-off versus Elias Pettersson in neutral zone.
10:12 of 2nd period - Slapshot by Mike Green.
10:12 of 2nd period - Stopped by Kristers Gudlevskis with a rebound.
10:24 of 2nd period - Wrist shot by Joe Colborne.
10:24 of 2nd period - Deflect By Elias Pettersson.
10:24 of 2nd period - Stopped by Kristers Gudlevskis with a rebound.
10:36 of 2nd period - Joe Colborne is hit by Aleksi Saarela and loses puck.
11:43 of 2nd period - Wrist shot by Bobby Ryan.
11:43 of 2nd period - Stopped by Kristers Gudlevskis without a rebound.
11:44 of 2nd period - Elias Pettersson wins face-off versus Nicklas Backstrom in Maple Leafs zone.
11:55 of 2nd period - Wrist shot by Andre Burakovsky.
11:55 of 2nd period - Shot Misses the Net.
11:57 of 2nd period - Slapshot by Zach Werenski.
11:57 of 2nd period - Deflect By Shea Theodore.
11:57 of 2nd period - Stopped by Cory Schneider with a rebound.
12:01 of 2nd period - Slapshot by Evander Kane.
12:01 of 2nd period - Stopped by Cory Schneider without a rebound.
12:02 of 2nd period - Cody Hodgson wins face-off versus Elias Lindholm in Capitals zone.
12:27 of 2nd period - Nicklas Backstrom is hit by Elias Pettersson and loses puck.
12:55 of 2nd period - Colten Teubert is hit by Pontus Aberg and loses puck.
13:41 of 2nd period - Minor Penalty to John Klingberg for Interference.
13:42 of 2nd period - Nicklas Backstrom wins face-off versus Elias Pettersson in Maple Leafs zone.
15:41 of 2nd period - Penalty to John Klingberg is over, John Klingberg is back on ice.
15:47 of 2nd period - Phil Kessel is hit by Valentin Zykov.
15:56 of 2nd period - Nicholas Baptiste is hit by Sergey Kalinin and loses puck.
16:14 of 2nd period - Wrist shot by Pontus Aberg.
16:14 of 2nd period - Stopped by Cory Schneider with a rebound.
18:25 of 2nd period - Snap shot by Pontus Aberg.
18:25 of 2nd period - Goal by Pontus Aberg - Capitals : 1 - Maple Leafs : 1.
18:26 of 2nd period - Elias Pettersson wins face-off versus Nicklas Backstrom in neutral zone.
18:31 of 2nd period - Alexei Marchenko is hit by Andre Burakovsky and loses puck.
18:40 of 2nd period - Wrist shot by Elias Pettersson.
18:40 of 2nd period - Deflect By Evander Kane.
18:40 of 2nd period - Shot Misses the Net.
18:40 of 2nd period - Puck is out of play.
18:41 of 2nd period - Elias Pettersson wins face-off versus Nicklas Backstrom in Capitals zone.
19:14 of 2nd period - Pontus Aberg is hit by Patrick Kane and loses puck.
19:25 of 2nd period - Snap shot by Taylor Hall.
19:25 of 2nd period - Shot Misses the Net.
19:27 of 2nd period - Slapshot by Patrick Kane.
19:27 of 2nd period - Shot Misses the Net.
19:29 of 2nd period - Snap shot by Mike Green.
19:29 of 2nd period - Deflect By Brandon Saad.
19:29 of 2nd period - Stopped by Kristers Gudlevskis with a rebound.
19:43 of 2nd period - Snap shot by Patrice Cormier.
19:43 of 2nd period - Shot Blocked by Nicklas Backstrom.
19:59 of 2nd period - Snap shot by Taylor Hall.
19:59 of 2nd period - Deflect By Patrice Cormier.
19:59 of 2nd period - Shot Misses the Net.
19:59 of 2nd period - Puck is out of play.
Goals for this period are 1 for Capitals vs 1 for Maple Leafs.
Shots for this period are 12 for Capitals vs 5 for Maple Leafs.

3rd period


0:01 of 3rd period - Elias Pettersson wins face-off versus Nicklas Backstrom in neutral zone.
0:04 of 3rd period - Shea Theodore is hit by Evander Kane and loses puck.
0:09 of 3rd period - Wrist shot by Elias Pettersson.
0:09 of 3rd period - Shot Blocked by Shea Theodore.
0:11 of 3rd period - Wrist shot by Elias Pettersson.
0:11 of 3rd period - Shot Blocked by Brandon Gormley.
0:13 of 3rd period - Wrist shot by Andre Burakovsky.
0:13 of 3rd period - Shot Blocked by Patrick Kane.
0:48 of 3rd period - Slapshot by Blake Pietila.
0:48 of 3rd period - Shot Misses the Net.
0:50 of 3rd period - Slapshot by Mike Green.
0:50 of 3rd period - Stopped by Kristers Gudlevskis without a rebound.
0:51 of 3rd period - Patrice Cormier wins face-off versus Cody Hodgson in Maple Leafs zone.
1:31 of 3rd period - Snap shot by Cody Hodgson.
1:31 of 3rd period - Deflect By Patrice Cormier.
1:31 of 3rd period - Shot Misses the Net.
1:31 of 3rd period - Puck is out of play.
1:32 of 3rd period - Nicklas Backstrom wins face-off versus Elias Pettersson in Maple Leafs zone.
1:46 of 3rd period - Minor Penalty to Evander Kane for Boarding.
1:47 of 3rd period - Nicklas Backstrom wins face-off versus Elias Pettersson in Maple Leafs zone.
2:45 of 3rd period - Jon Merrill is hit by Nicklas Backstrom.
3:46 of 3rd period - Penalty to Evander Kane is over, Evander Kane is back on ice.
3:47 of 3rd period - John Klingberg is hit by Cody Hodgson and loses puck.
4:46 of 3rd period - Haydn Fleury is hit by Brandon Burlon.
5:44 of 3rd period - Mike Green is hit by Jason Zucker and loses puck.
6:26 of 3rd period - Off-side.
6:27 of 3rd period - Elias Lindholm wins face-off versus Nicklas Backstrom in neutral zone.
7:05 of 3rd period - Wrist shot by Zach Werenski.
7:05 of 3rd period - Shot Blocked by Shea Theodore.
7:21 of 3rd period - Wrist shot by Marko Dano.
7:21 of 3rd period - Shot Misses the Net.
7:53 of 3rd period - Slapshot by Phil Kessel.
7:53 of 3rd period - Stopped by Kristers Gudlevskis with a rebound.
8:30 of 3rd period - Off-side.
8:31 of 3rd period - Cody Hodgson wins face-off versus Evander Kane in neutral zone.
8:42 of 3rd period - Cody Hodgson is hit by Evander Kane and loses puck.
8:47 of 3rd period - Wrist shot by Elias Pettersson.
8:47 of 3rd period - Shot Misses the Net.
9:02 of 3rd period - Snap shot by Nicklas Backstrom.
9:02 of 3rd period - Shot Misses the Net.
9:24 of 3rd period - Brandon Gormley is hit by Luke Schenn and loses puck.
10:03 of 3rd period - Blake Pietila is hit by Jason Zucker and loses puck.
10:18 of 3rd period - Brendan Guhle is hit by Brandon Gormley and loses puck.
10:33 of 3rd period - Snap shot by Jason Zucker.
10:33 of 3rd period - Stopped by Cory Schneider with a rebound.
10:35 of 3rd period - Wrist shot by Elias Lindholm.
10:35 of 3rd period - Stopped by Cory Schneider with a rebound.
10:37 of 3rd period - Slapshot by Luke Schenn.
10:37 of 3rd period - Shot Misses the Net.
10:39 of 3rd period - Backhand shot by Luke Schenn.
10:39 of 3rd period - Deflect By Marko Dano.
10:39 of 3rd period - Stopped by Cory Schneider without a rebound.
10:40 of 3rd period - Elias Pettersson wins face-off versus Nicklas Backstrom in Capitals zone.
10:50 of 3rd period - Off-side.
10:51 of 3rd period - Nicklas Backstrom wins face-off versus Elias Pettersson in neutral zone.
11:19 of 3rd period - Minor Penalty to Zach Werenski for Holding.
11:20 of 3rd period - Nicklas Backstrom wins face-off versus Elias Pettersson in Maple Leafs zone.
11:21 of 3rd period - Wrist shot by Patrick Kane.
11:21 of 3rd period - Shot Misses the Net.
11:32 of 3rd period - Wrist shot by Taylor Hall.
11:32 of 3rd period - Shot Misses the Net.
12:12 of 3rd period - Nicklas Backstrom is hit by Elias Lindholm and loses puck.
13:19 of 3rd period - Penalty to Zach Werenski is over, Zach Werenski is back on ice.
13:31 of 3rd period - Aleksi Saarela is hit by Sergey Kalinin and loses puck.
13:50 of 3rd period - Brandon Burlon is hit by Patrice Cormier and loses puck.
13:57 of 3rd period - Snap shot by Brandon Saad.
13:57 of 3rd period - Stopped by Cory Schneider with a rebound.
14:21 of 3rd period - Shea Theodore is hit by Andre Burakovsky and loses puck.
15:07 of 3rd period - Snap shot by Zach Werenski.
15:07 of 3rd period - Stopped by Cory Schneider with a rebound.
15:50 of 3rd period - Wrist shot by Sergey Kalinin.
15:50 of 3rd period - Stopped by Kristers Gudlevskis with a rebound.
16:00 of 3rd period - Brandon Burlon is hit by Valentin Zykov and loses puck.
16:13 of 3rd period - Nicholas Baptiste is hit by Nicolas Aube-Kubel.
16:19 of 3rd period - Snap shot by Nicolas Aube-Kubel.
16:19 of 3rd period - Shot Blocked by Jon Merrill.
16:21 of 3rd period - Snap shot by Nicolas Aube-Kubel.
16:21 of 3rd period - Goal by Nicolas Aube-Kubel - Capitals : 2 - Maple Leafs : 1.
16:22 of 3rd period - Elias Pettersson wins face-off versus Cody Hodgson in neutral zone.
16:27 of 3rd period - Wrist shot by John Klingberg.
16:27 of 3rd period - Stopped by Cory Schneider without a rebound.
16:28 of 3rd period - Elias Pettersson wins face-off versus Cody Hodgson in Capitals zone.
16:40 of 3rd period - Minor Penalty to Elias Pettersson for Slashing.
16:41 of 3rd period - Brandon Saad wins face-off versus Nicklas Backstrom in Maple Leafs zone.
16:41 of 3rd period - Brandon Saad is hit by Taylor Hall.
18:40 of 3rd period - Penalty to Elias Pettersson is over, Elias Pettersson is back on ice.
18:56 of 3rd period - Luke Schenn is hit by Blake Pietila and loses puck.
19:03 of 3rd period - Maple Leafs, Kristers Gudlevskis is pulled from the net.
19:09 of 3rd period - Jason Zucker is hit by Patrick Kane and loses puck.
19:14 of 3rd period - Snap shot by Patrick Kane.
19:14 of 3rd period - Goal by Patrick Kane - Capitals : 3 - Maple Leafs : 1.
19:14 of 3rd period - Kristers Gudlevskis from Maple Leafs was sent back in the game.
19:15 of 3rd period - Nicklas Backstrom wins face-off versus Patrice Cormier in neutral zone.
19:18 of 3rd period - Snap shot by Patrick Kane.
19:18 of 3rd period - Stopped by Kristers Gudlevskis without a rebound.
19:19 of 3rd period - Patrice Cormier wins face-off versus Nicklas Backstrom in Maple Leafs zone.
19:28 of 3rd period - Snap shot by Pontus Aberg.
19:28 of 3rd period - Goal by Pontus Aberg - Capitals : 3 - Maple Leafs : 2.
19:29 of 3rd period - Nicklas Backstrom wins face-off versus Andre Burakovsky in neutral zone.
19:40 of 3rd period - Maple Leafs, Kristers Gudlevskis is pulled from the net.
19:40 of 3rd period - Wrist shot by Evander Kane.
19:40 of 3rd period - Stopped by Cory Schneider with a rebound.
19:56 of 3rd period - Snap shot by Elias Pettersson.
19:56 of 3rd period - Deflect By Evander Kane.
19:56 of 3rd period - Stopped by Cory Schneider with a rebound.
Goals for this period are 2 for Capitals vs 1 for Maple Leafs.
Shots for this period are 6 for Capitals vs 9 for Maple Leafs.